[Event "Titled Tuesday Blitz August 17 2021"]
[White "Fier, Alexandr"]
[Black "Wagner, Dinara"]
[WhiteFideId "2107139"]
[BlackFideId "24157570"]
[WhiteElo "2569"]
[BlackElo "2260"]
[Result "1-0"]
[Round "03"]
[TimeControl "180+1"]
[Date "2021.08.17"]
[WhiteClock "0:01:52"]
[BlackClock "0:00:13"]

1. d4 Nf6 2. Bg5 e6 3. e4 h6 4. Bxf6 Qxf6 5. c3 d5 6. Nd2 dxe4 7. Nxe4 Qd8 8. Bd3 Be7 9. Nf3 b6 10. O-O Bb7 11. Re1 O-O 12. Bc2 Nd7 13. Qd3 g6 14. Ng3 Bf6 15. Rxe6 Bxf3 16. gxf3 Nc5 17. dxc5 Qxd3 18. Bxd3 fxe6 19. Bxg6 bxc5 20. Ne4 Be7 21. Bh5 Rab8 22. b3 Kh7 23. Bg4 Rg8 24. Kf1 Rg6 25. Rd1 Rd8 26. Rxd8 Bxd8 27. Nxc5 e5 28. Bf5 Be7 29. Bxg6+ Kxg6 30. Ne4 Kf5 31. Ke2 Kf4 32. c4 Bb4 33. Nf6 c6 34. Nd7 Bd6 35. Nf6 Be7 36. Ne4 Bb4 37. a4 Be7 38. c5 a5 39. Nd6 Bd8 40. Nc4 Bc7 41. Ne3 h5 42. Ng2+ Kg5 43. Kd3 Bd8 44. Ke4 Kf6 45. f4 exf4 46. Nxf4 Be7 47. Nd3 h4 48. Ne5 Bxc5 49. Nd7+ 1-0


[Site "https://www.chess.com"]

[Event "Titled Tuesday Blitz August 17 2021"]
[White "Goryachkina, Aleksandra"]
[Black "Shishkov, Andrei"]
[WhiteFideId "4147103"]
[BlackFideId "4500563"]
[WhiteElo "2441"]
[BlackElo "2322"]
[Result "1-0"]
[Round "03"]
[TimeControl "180+1"]
[Date "2021.08.17"]
[WhiteClock "0:00:03"]
[BlackClock "0:00:05"]

1. e4 d5 2. exd5 Nf6 3. Nf3 Nxd5 4. d4 Bg4 5. Be2 e6 6. O-O Nc6 7. h3 Bh5 8. Nbd2 Be7 9. Re1 O-O 10. Nf1 Bf6 11. c3 Re8 12. Ng3 Bg6 13. Bb5 a6 14. Bxc6 bxc6 15. a3 a5 16. Ne5 Bxe5 17. Rxe5 Qb8 18. h4 f6 19. Re1 h6 20. h5 Bf7 21. Qg4 Kh8 22. a4 Qb3 23. Qf3 Rab8 24. Ne4 e5 25. Nc5 Qc4 26. Nd7 Rbd8 27. Nxe5 fxe5 28. Qxf7 Rf8 29. Qg6 Rd6 30. Qg3 exd4 31. cxd4 Qxd4 32. Ra3 Rdf6 33. Rf1 Nf4 34. Bxf4 Rxf4 35. Re3 Rg4 36. Qe5 Qd5 37. Qxd5 cxd5 38. Rc1 Rxa4 39. Re7 Rb4 40. Rcxc7 Rg8 41. Red7 Rxb2 42. Rxd5 a4 43. Ra7 Ra2 44. Rd4 Rf8 45. f3 Re8 46. Rg4 Rg8 47. Raxa4 Rxa4 48. Rxa4 Rf8 49. Kf2 Rf5 50. g4 Rb5 51. Ra8+ Kh7 52. Re8 Rb2+ 53. Kg3 Rb3 54. Re4 Rb4 55. Rxb4 1-0


[Site "https://www.chess.com"]

[Event "Titled Tuesday Blitz August 17 2021"]
[White "Gracia Alvarez, Gerardo Antonio"]
[Black "Rastbod, Ali"]
[WhiteFideId "5109124"]
[BlackFideId "12567477"]
[WhiteElo "2148"]
[BlackElo "2226"]
[Result "0-1"]
[Round "03"]
[TimeControl "180+1"]
[Date "2021.08.17"]
[WhiteClock "0:00:25"]
[BlackClock "0:01:17"]

1. e4 e6 2. d4 d5 3. Nd2 Nc6 4. Ngf3 Nf6 5. e5 Nd7 6. Bd3 Nb4 7. Be2 c5 8. c3 Nc6 9. O-O Qb6 10. c4 cxd4 11. cxd5 exd5 12. Nb3 Bc5 13. Nxc5 Qxc5 14. Bf4 O-O 15. Rc1 Qb6 16. Qd2 Re8 17. Rfd1 Ndxe5 18. Nxe5 Nxe5 19. Qxd4 Qxd4 20. Rxd4 Nc6 21. Rd2 Be6 22. Bf3 Red8 23. Rcd1 d4 24. b3 Bd5 25. Bxd5 Rxd5 26. Kf1 f6 27. Ke2 g5 28. Bg3 Re8+ 29. Kd3 Rc5 30. Re2 Nb4+ 31. Kxd4 Rd5+ 0-1


[Site "https://www.chess.com"]

[Event "Titled Tuesday Blitz August 17 2021"]
[White "Gubanov, Oleg"]
[Black "De Silva, L M S T"]
[WhiteFideId "14115115"]
[BlackFideId "9953698"]
[WhiteElo "2138"]
[BlackElo "1621"]
[Result "1-0"]
[Round "03"]
[TimeControl "180+1"]
[Date "2021.08.18"]
[WhiteClock "0:00:06"]
[BlackClock "0:00:02"]

1. e4 e5 2. Bc4 Nf6 3. d3 Nc6 4. Nf3 h6 5. O-O d6 6. Nc3 g5 7. a4 Bg7 8. Re1 a6 9. Nd5 Bg4 10. c3 Bh5 11. d4 O-O 12. dxe5 Nxe5 13. Be2 Nxd5 14. exd5 Bg6 15. Nxe5 dxe5 16. c4 e4 17. Qb3 b6 18. a5 bxa5 19. Rxa5 f5 20. Qa3 f4 21. Bg4 Kh7 22. Rxa6 Rxa6 23. Qxa6 h5 24. Be6 g4 25. Qc6 Be5 26. Qd7+ Qxd7 27. Bxd7 g3 28. hxg3 fxg3 29. fxg3 Bd4+ 30. Kh2 Rf2 31. Bf4 Bb6 32. b4 Bd4 33. Be3 Bxe3 34. Rxe3 Rb2 35. c5 Rxb4 36. Rc3 Kg7 37. d6 Rb7 38. c6 Ra7 39. Be6 Kf6 40. d7 Ra8 41. Bd5 Ke5 42. Rc5 Kd6 43. Ra5 Rd8 44. Kg1 e3 45. Kf1 Bd3+ 46. Ke1 Rf8 47. Bf3 Rb8 48. Ra1 Ke7 49. Rd1 Bc4 50. Be2 Bf7 51. Rd3 Rb6 52. Rxe3+ Kd8 53. Bf3 Rb2 54. Re2 Rb6 55. Kf2 Rb4 56. Rc2 Rd4 57. Rb2 Ke7 58. Rb8 Rd2+ 59. Ke3 Rd6 60. Be4 Rd1 61. Rh8 Rd6 62. Kf4 Rd2 63. Rh7 Rd4 64. Ke3 Rd6 65. Kf4 Kf6 66. Rh6+ Ke7 67. Rxd6 cxd6 68. Kg5 d5 69. Bf5 d4 70. c7 1-0


[Site "https://www.chess.com"]

[Event "Titled Tuesday Blitz August 17 2021"]
[White "Guliev, Logman"]
[Black "Nazaretyan, Tigran"]
[WhiteFideId "13400061"]
[BlackFideId "24162345"]
[WhiteElo "2128"]
[BlackElo "2167"]
[Result "1-0"]
[Round "03"]
[TimeControl "180+1"]
[Date "2021.08.18"]
[WhiteClock "0:00:21"]
[BlackClock "0:00:09"]

1. e4 c5 2. Nf3 Nc6 3. d4 cxd4 4. Nxd4 Nf6 5. Nc3 d6 6. Be2 e5 7. Nf3 h6 8. O-O Be7 9. h3 O-O 10. Re1 a6 11. Bf1 b5 12. Nd5 Nxd5 13. exd5 Nb8 14. b3 Nd7 15. c4 bxc4 16. bxc4 Nc5 17. Be3 Qc7 18. Qc2 f5 19. Rab1 Bf6 20. Nd2 e4 21. Nb3 Nxb3 22. Rxb3 Be5 23. Reb1 f4 24. Bb6 Qf7 25. Qxe4 Bf5 26. Qf3 Bxb1 27. Rxb1 Rab8 28. Bd3 Rb7 29. a4 a5 30. Rb5 Rfb8 31. Bxa5 Rxb5 32. axb5 Qa7 33. Bb4 Qa1+ 34. Kh2 Qd4 35. Be1 Ra8 36. Qe4 f3+ 37. g3 Ra1 38. Qh7+ Kf8 39. Qf5+ Bf6 40. Qc8+ Ke7 41. Qe6+ Kd8 42. Qxd6+ Kc8 43. Bf5+ Kb7 44. Qc6+ Ka7 45. Qc7+ Ka8 46. b6 Qb2 47. Qc8# 1-0


[Site "https://www.chess.com"]

[Event "Titled Tuesday Blitz August 17 2021"]
[White "Gunina, Valentina"]
[Black "Chen, Max"]
[WhiteFideId "4167570"]
[BlackFideId "2622440"]
[WhiteElo "2399"]
[BlackElo "2427"]
[Result "1-0"]
[Round "03"]
[TimeControl "180+1"]
[Date "2021.08.17"]
[WhiteClock "0:01:06"]
[BlackClock "0:00:19"]

1. d4 Nf6 2. c4 e6 3. Nf3 d5 4. Nc3 Bb4 5. cxd5 exd5 6. Bf4 O-O 7. e3 c6 8. Bd3 Re8 9. O-O Nbd7 10. Qc2 Nf8 11. Ne5 Be6 12. h3 N6d7 13. Bg3 f6 14. Nf3 Rc8 15. e4 dxe4 16. Nxe4 Bd5 17. a3 Be7 18. Rfe1 Nb6 19. Nh4 g6 20. Nc5 Bxc5 21. dxc5 Nbd7 22. Bd6 Bf7 23. Bc4 Kg7 24. Bxf7 Kxf7 25. Qb3+ Kg7 26. Qxb7 f5 27. Nf3 Ne6 28. Rad1 Kg8 29. Qxa7 Ra8 30. Qb7 Qc8 31. Qb3 Nf6 32. Nd4 Nd5 33. Nxc6 Qxc6 34. Rxd5 Nd8 35. Rde5+ Nf7 36. Re7 Rxe7 37. Rxe7 Rf8 38. Rc7 Qe4 39. Bxf8 Qe1+ 40. Kh2 Qe5+ 41. f4 Qxc7 42. Bd6 Qc6 43. Qb8+ Kg7 44. Qf8+ Kf6 45. Qe7+ Kg7 46. Be5+ Kg8 47. b4 g5 48. Qf6 Kf8 49. Qxc6 1-0


[Site "https://www.chess.com"]

[Event "Titled Tuesday Blitz August 17 2021"]
[White "Gupta, Abhijeet"]
[Black "Shimelkov, Vasiliy"]
[WhiteFideId "5010608"]
[BlackFideId "13701630"]
[WhiteElo "2549"]
[BlackElo "2073"]
[Result "1-0"]
[Round "03"]
[TimeControl "180+1"]
[Date "2021.08.17"]
[WhiteClock "0:01:15"]
[BlackClock "0:00:21"]

1. Nf3 d5 2. c4 e6 3. g3 Nf6 4. Bg2 c5 5. O-O Nc6 6. d4 b6 7. cxd5 exd5 8. Nc3 Be7 9. Bg5 Be6 10. Qa4 Qd7 11. dxc5 bxc5 12. Rfd1 O-O 13. Rac1 h6 14. Bxf6 Bxf6 15. Nxd5 Bxd5 16. Rxc5 Ne5 17. Qxd7 Nxd7 18. Rcxd5 Nb6 19. Rb5 Rad8 20. Rxd8 Rxd8 21. b3 Rd1+ 22. Bf1 g5 23. h3 Ra1 24. a4 Nd7 25. Kg2 a6 26. Rd5 Nf8 27. e3 Ne6 28. Bxa6 Rb1 29. Bc4 Rb2 30. a5 Bd8 31. Nd4 Bc7 32. Nxe6 fxe6 33. Rc5 Bd6 34. Rc6 Bb4 35. Rxe6 Be1 36. Rf6+ Kg7 37. Rf7+ Kg6 38. a6 Ra2 39. g4 Bb4 40. Rf5 Be1 41. b4 Ra3 42. b5 1-0


[Site "https://www.chess.com"]

[Event "Titled Tuesday Blitz August 17 2021"]
[White "Hansen, Sune Berg"]
[Black "Tania, Sachdev"]
[WhiteFideId "1400266"]
[BlackFideId "5007844"]
[WhiteElo "2642"]
[BlackElo "2280"]
[Result "0-1"]
[Round "03"]
[TimeControl "180+1"]
[Date "2021.08.18"]
[WhiteClock "0:00:16"]
[BlackClock "0:00:17"]

1. e4 c5 2. Nc3 Nc6 3. Bb5 g6 4. Bxc6 dxc6 5. d3 Bg7 6. Be3 b6 7. Qd2 e6 8. Nge2 Ne7 9. Bh6 Bxh6 10. Qxh6 Qd7 11. Qg7 Rg8 12. Qxh7 Bb7 13. e5 O-O-O 14. Ne4 Rgf8 15. Nf6 Qc7 16. f4 Nf5 17. Qh3 g5 18. Ng4 gxf4 19. Nxf4 Rh8 20. Qf3 Nd4 21. Qf2 Rdg8 22. c3 Nc2+ 23. Qxc2 Rxg4 24. O-O Qxe5 25. Qe2 Qg5 26. g3 e5 27. Ng2 Qh5 28. Kf2 f5 29. Qf3 Kb8 30. h3 Rg5 31. Qxh5 Rgxh5 32. h4 f4 33. gxf4 exf4 34. Nxf4 Rxh4 35. Ng2 Rg4 36. Rh1 Rf8+ 37. Kg1 Rfg8 38. Rh2 c4 39. dxc4 c5 40. Re1 Bxg2 41. Kf2 Bc6 42. Re6 Kc7 43. Rh7+ R4g7 44. Rhh6 Rf7+ 45. Ke3 Bd7 46. Ref6 Rg3+ 47. Kf4 Rxf6+ 48. Rxf6 Rg2 49. b4 Rf2+ 0-1


[Site "https://www.chess.com"]

[Event "Titled Tuesday Blitz August 17 2021"]
[White "Dronavalli, Harika"]
[Black "Eynullayev, Atilla"]
[WhiteFideId "5015197"]
[BlackFideId "13413570"]
[WhiteElo "2422"]
[BlackElo "1997"]
[Result "1/2-1/2"]
[Round "03"]
[TimeControl "180+1"]
[Date "2021.08.17"]
[WhiteClock "0:00:52"]
[BlackClock "0:00:19"]

1. Nf3 Nf6 2. c4 e6 3. g3 d5 4. Bg2 Be7 5. O-O O-O 6. b3 c6 7. Bb2 b6 8. d4 Nbd7 9. Nbd2 Bb7 10. Qc2 Rc8 11. e4 dxe4 12. Nxe4 Nxe4 13. Qxe4 Nf6 14. Qe2 c5 15. Rad1 cxd4 16. Nxd4 Bxg2 17. Kxg2 Qc7 18. Nb5 Qb7+ 19. Qf3 Qxf3+ 20. Kxf3 a6 21. Nd6 Rc6 22. Ne4 Nxe4 23. Kxe4 b5 24. Rd7 Bf6 25. Bxf6 gxf6 26. Rc1 Rfc8 27. Kd4 Kf8 28. c5 Ke8 29. Ra7 Rd8+ 30. Ke3 b4 31. Rb7 Rd5 32. Rxb4 Re5+ 33. Re4 Rexc5 34. Rxc5 Rxc5 35. Ra4 a5 36. Kd3 Rf5 37. f4 Rc5 38. Rc4 Rd5+ 39. Rd4 Rc5 40. a3 Ke7 41. b4 axb4 42. axb4 Rc1 43. Rc4 Rb1 44. Kd4 Kd6 45. Kc3 e5 46. fxe5+ fxe5 47. Rh4 f5 48. Rxh7 e4 49. h4 e3 50. Kd3 Rb3+ 51. Ke2 Ke5 52. h5 f4 53. gxf4+ Kxf4 54. Rf7+ Kg5 55. Rh7 Rxb4 56. Kxe3 Rh4 57. Rh8 Rxh5 58. Rxh5+ Kxh5 1/2-1/2


[Site "https://www.chess.com"]

[Event "Titled Tuesday Blitz August 17 2021"]
[White "Ibrahimli, Murad"]
[Black "Trent, Lawrence"]
[WhiteFideId "13410229"]
[BlackFideId "408638"]
[WhiteElo "2109"]
[BlackElo "2474"]
[Result "0-1"]
[Round "03"]
[TimeControl "180+1"]
[Date "2021.08.17"]
[WhiteClock "0:00:07"]
[BlackClock "0:01:18"]

1. d4 Nf6 2. c4 e6 3. Nf3 d5 4. Nc3 Ne4 5. Bd2 Nxd2 6. Qxd2 c6 7. e3 g6 8. Bd3 Bg7 9. O-O-O dxc4 10. Bxc4 b5 11. Bd3 Nd7 12. Kb1 a5 13. Rc1 Nb6 14. Ne4 Bd7 15. Ne5 O-O 16. Nxc6 Bxc6 17. Rxc6 Rb8 18. h4 e5 19. Rd6 Qe7 20. d5 f5 21. Re6 Qb7 22. Ng5 Qxd5 23. Qe2 e4 24. Bxb5 Na4 25. Rd1 Nc3+ 26. bxc3 Rxb5+ 27. Kc1 Qc5 28. Qc2 Qa3+ 29. Kd2 Rb2 30. Rb1 Qxc3+ 0-1


[Site "https://www.chess.com"]

[Event "Titled Tuesday Blitz August 17 2021"]
[White "Indjic, Aleksandar"]
[Black "Skliarov, Viktor"]
[WhiteFideId "911925"]
[BlackFideId "14106736"]
[WhiteElo "2643"]
[BlackElo "2281"]
[Result "1/2-1/2"]
[Round "03"]
[TimeControl "180+1"]
[Date "2021.08.17"]
[WhiteClock "0:00:08"]
[BlackClock "0:00:03"]

1. d4 Nf6 2. c4 e6 3. Nc3 Bb4 4. Qc2 c5 5. dxc5 Na6 6. a3 Bxc3+ 7. Qxc3 Nxc5 8. f3 d5 9. cxd5 b6 10. Bg5 exd5 11. Bxf6 Qxf6 12. Qxf6 gxf6 13. e3 Nb3 14. Rd1 Be6 15. Bb5+ Ke7 16. Ne2 Rac8 17. Ba4 Na5 18. Bb5 Nb3 19. Bd3 Rhd8 20. Nd4 Nxd4 21. exd4 h6 22. Kf2 Kd6 23. Ke3 Rg8 24. g3 Rc7 25. Rc1 Rgc8 26. Rxc7 Rxc7 27. Kf4 a5 28. h4 Rc8 29. Re1 Rc7 30. Ke3 Rc8 31. Kd2 Rg8 32. Rg1 Rc8 33. Rc1 Rg8 34. Rg1 Rc8 35. g4 Rc7 36. Rb1 Ra7 37. Rc1 Rc7 38. Rxc7 Kxc7 39. Ke3 Kd6 40. Kf4 Ke7 41. Bf5 Kd6 42. Bxe6 fxe6 43. g5 hxg5+ 44. hxg5 fxg5+ 45. Kxg5 e5 46. dxe5+ Kxe5 47. f4+ Ke4 48. f5 d4 49. f6 d3 50. f7 d2 51. f8=Q d1=Q 52. Qe8+ Kd3 53. Qb5+ Kc2 54. Qxb6 Qc1+ 55. Kf5 Qxb2 56. Qxa5 Qb8 57. a4 Qf8+ 58. Ke6 Qe8+ 59. Kd6 Qg6+ 60. Kc7 Qf7+ 61. Kc8 Kb3 62. Qb5+ Kc3 63. Qc5+ Kd3 64. a5 Qe6+ 65. Kc7 Qf7+ 66. Kd8 Qg8+ 67. Kd7 Qg7+ 68. Qe7 Qg4+ 69. Qe6 Qa4+ 70. Qc6 Qxa5 71. Qd6+ Kc3 72. Qc7+ Qxc7+ 73. Kxc7 1/2-1/2


[Site "https://www.chess.com"]

[Event "Titled Tuesday Blitz August 17 2021"]
[White "Ismayil, Malak"]
[Black "Sovetbekova, Nurai"]
[WhiteFideId "13412604"]
[BlackFideId "13801910"]
[WhiteElo "1879"]
[BlackElo "1516"]
[Result "1-0"]
[Round "03"]
[TimeControl "180+1"]
[Date "2021.08.18"]
[WhiteClock "0:00:04"]
[BlackClock "0:00:03"]

1. e4 c5 2. Nf3 d6 3. d4 cxd4 4. Nxd4 Nf6 5. Nc3 a6 6. Bc4 e6 7. O-O Be7 8. Be3 O-O 9. a3 b5 10. Bd3 Bb7 11. f4 Nbd7 12. Nb3 Nc5 13. Nd2 d5 14. Bxc5 Bxc5+ 15. Kh1 dxe4 16. Ncxe4 Nxe4 17. Bxe4 Bxe4 18. Nxe4 Qb6 19. Qf3 Rad8 20. Rad1 b4 21. axb4 Qxb4 22. h3 Be7 23. b3 a5 24. Ra1 Rc8 25. Ra4 Qb6 26. Qe2 Rc7 27. Rfa1 Bb4 28. Qd3 Rfc8 29. c4 Qc6 30. Rd1 h6 31. Nf2 Qb6 32. Ng4 Be7 33. Ne5 Rd8 34. Qe2 Qb8 35. Rxd8+ Qxd8 36. Rxa5 f6 37. Nf3 Rc6 38. Ra1 Bc5 39. Rd1 Qc7 40. Qe4 f5 41. Qe2 Qxf4 42. Ne5 Rc8 43. Nd3 Qc7 44. Qxe6+ Kh8 45. Qxf5 Rf8 46. Qxc5 Qb8 47. Qd4 Rd8 48. Qg1 Qxb3 49. Nf2 Rf8 50. c5 Qc2 51. Ng4 h5 52. Ne5 1-0


[Site "https://www.chess.com"]

[Event "Titled Tuesday Blitz August 17 2021"]
[White "Ivanisevic, Ivan"]
[Black "Wachinger, Guenther"]
[WhiteFideId "912417"]
[BlackFideId "4604261"]
[WhiteElo "2499"]
[BlackElo "2212"]
[Result "1-0"]
[Round "03"]
[TimeControl "180+1"]
[Date "2021.08.17"]
[WhiteClock "0:01:45"]
[BlackClock "0:00:29"]

1. d4 d5 2. c4 e6 3. Nf3 c6 4. Nc3 dxc4 5. a4 Bb4 6. e4 Nf6 7. Bg5 b5 8. e5 h6 9. exf6 hxg5 10. fxg7 Rg8 11. g3 Nd7 12. Bg2 Nb6 13. O-O Bxc3 14. bxc3 Nd5 15. Qd2 Rxg7 16. Ne5 Bb7 17. Rab1 a6 18. Nxc4 bxc4 19. Rxb7 Qa5 20. Bxd5 Qxd5 21. Rfb1 Qa5 22. Qe3 O-O-O 23. Qf3 Qd5 24. Rb8+ Kd7 25. Rxd8+ Kxd8 26. Qf6+ 1-0


[Site "https://www.chess.com"]

[Event "Titled Tuesday Blitz August 17 2021"]
[White "Ivanov, Oleg"]
[Black "Labussiere, Victor"]
[WhiteFideId "4103114"]
[BlackFideId "2183129"]
[WhiteElo "2691"]
[BlackElo "1921"]
[Result "1-0"]
[Round "03"]
[TimeControl "180+1"]
[Date "2021.08.17"]
[WhiteClock "0:00:06"]
[BlackClock "0:00:05"]

1. e4 e5 2. Nf3 Nf6 3. Nxe5 d6 4. Nf3 Nxe4 5. d4 d5 6. Bd3 Bd6 7. O-O O-O 8. c4 c6 9. Nc3 Nxc3 10. bxc3 dxc4 11. Bxc4 Bf5 12. Re1 Nd7 13. Bd3 Qf6 14. Bg5 Qg6 15. Nh4 Qxg5 16. Nxf5 Bc7 17. Re7 Rad8 18. h4 Qf6 19. Qg4 Kh8 20. Rae1 Bb8 21. Qg5 g6 22. Nh6 Kg7 23. Bc4 Bd6 24. Rxf7+ Rxf7 25. Nxf7 Qxg5 26. hxg5 Nb6 27. Nxd8 Nxc4 28. Nxb7 Bf4 29. Nd8 Bd2 30. Re2 Bc1 31. Nxc6 Bxg5 32. Nxa7 h5 33. Nb5 Kf6 34. a4 Kf5 35. a5 Bd8 36. a6 Bb6 37. a7 Bxa7 38. Nxa7 h4 39. Nb5 1-0


[Site "https://www.chess.com"]

[Event "Titled Tuesday Blitz August 17 2021"]
[White "Jaracz, Pawel"]
[Black "Ibarra Jerez, Jose Carlos"]
[WhiteFideId "1102222"]
[BlackFideId "2226332"]
[WhiteElo "2495"]
[BlackElo "2602"]
[Result "1-0"]
[Round "03"]
[TimeControl "180+1"]
[Date "2021.08.17"]
[WhiteClock "0:00:19"]
[BlackClock "0:00:02"]

1. e4 c5 2. Nf3 Nc6 3. d4 cxd4 4. Nxd4 Qb6 5. Nb3 Nf6 6. Nc3 e6 7. Bd3 Be7 8. O-O a6 9. Kh1 Qc7 10. Bg5 d6 11. f4 h6 12. Bh4 Nxe4 13. Bxe7 Nxc3 14. Qg4 Nxe7 15. Qxg7 Rg8 16. Qxc3 Qxc3 17. bxc3 Bd7 18. Na5 Nd5 19. Nxb7 Ke7 20. Na5 Nxc3 21. f5 d5 22. Rf3 e5 23. f6+ Kd6 24. Bh7 d4 25. Bxg8 Rxg8 26. Nc4+ Kd5 27. Nb6+ Kc6 28. Nxd7 Kxd7 29. Re1 Kd6 30. Rf5 Re8 31. g4 e4 32. Kg2 Rb8 33. h4 Rb2 34. g5 Rxc2+ 35. Rf2 Rxf2+ 36. Kxf2 hxg5 37. h5 Ke6 38. h6 Kxf6 39. Rh1 e3+ 40. Kf3 g4+ 41. Kxg4 Kg6 42. h7 f5+ 43. Kf4 Ne2+ 44. Ke5 1-0


[Site "https://www.chess.com"]

[Event "Titled Tuesday Blitz August 17 2021"]
[White "Kamsky, Gata"]
[Black "Quintiliano Pinto, Renato R."]
[WhiteFideId "2000024"]
[BlackFideId "2117568"]
[WhiteElo "2644"]
[BlackElo "2439"]
[Result "1-0"]
[Round "03"]
[TimeControl "180+1"]
[Date "2021.08.17"]
[WhiteClock "0:00:39"]
[BlackClock "0:00:05"]

1. d4 d5 2. Bf4 Nf6 3. e3 c5 4. c3 Nc6 5. Nd2 cxd4 6. exd4 Bf5 7. Ngf3 e6 8. Be2 Bd6 9. Bg3 O-O 10. O-O h6 11. a4 a6 12. Re1 Ne4 13. Nxe4 Bxe4 14. Nd2 Bg6 15. Bxd6 Qxd6 16. Qb3 Rab8 17. Bf1 Qc7 18. Qa3 Rfc8 19. Nb3 e5 20. dxe5 Nxe5 21. Nd4 Re8 22. Qb3 Ng4 23. g3 Rxe1 24. Rxe1 Rd8 25. Bg2 Nf6 26. f3 h5 27. Qb4 Re8 28. Rxe8+ Nxe8 29. Bf1 Nf6 30. Nb3 Bf5 31. Qc5 Qd8 32. Nd4 Bc8 33. a5 Qe8 34. Kf2 g6 35. Qd6 Kg7 36. b3 Bd7 37. Qc7 Bc8 38. Bd3 h4 39. gxh4 Qh8 40. Qf4 Qd8 41. b4 Qd7 42. Qe5 Qh3 43. h5 Qh4+ 44. Ke2 gxh5 45. Qg3+ Qxg3 46. hxg3 Ne8 47. Ke3 Nd6 48. Ne2 Kf6 49. Nf4 Ke5 50. Nxh5 Bf5 51. f4+ 1-0


[Site "https://www.chess.com"]

[Event "Titled Tuesday Blitz August 17 2021"]
[White "Kezin, Roman"]
[Black "Khumalo, Keith"]
[WhiteFideId "24124621"]
[BlackFideId "14319470"]
[WhiteElo "2570"]
[BlackElo "1992"]
[Result "1-0"]
[Round "03"]
[TimeControl "180+1"]
[Date "2021.08.17"]
[WhiteClock "0:01:55"]
[BlackClock "0:01:13"]

1. d4 d5 2. c4 e6 3. Nf3 Nf6 4. g3 Be7 5. Bg2 O-O 6. O-O dxc4 7. Qc2 a6 8. a4 Bd7 9. Bg5 Bc6 10. Bxf6 Bxf6 11. Rd1 b5 12. Nc3 Nd7 13. Ng5 Bxg5 14. Bxc6 Rb8 15. axb5 axb5 16. Nxb5 Rb6 17. Bxd7 Qxd7 18. Na3 Rfb8 19. Nxc4 Rc6 20. Ra5 Bf6 21. d5 exd5 22. Raxd5 Qe6 23. b4 g6 24. b5 Rxb5 25. Rxb5 Rxc4 26. Qa2 Kg7 27. Rbb1 c5 28. Qd2 Ra4 29. Qd7 Qxd7 30. Rxd7 Rd4 31. Rxd4 cxd4 32. Kg2 h5 33. Kf3 h4 34. g4 g5 35. h3 Be5 36. Ke4 f6 37. Kf5 Kf7 38. Rb7+ Ke8 39. Ke6 Kd8 40. Rb5 Kc7 41. Rxe5 fxe5 42. Kxe5 1-0


[Site "https://www.chess.com"]

[Event "Titled Tuesday Blitz August 17 2021"]
[White "Khanin, Semen"]
[Black "Kozin, Yuri"]
[WhiteFideId "4111990"]
[BlackFideId "4129920"]
[WhiteElo "2521"]
[BlackElo "2516"]
[Result "1-0"]
[Round "03"]
[TimeControl "180+1"]
[Date "2021.08.17"]
[WhiteClock "0:00:30"]
[BlackClock "0:00:34"]

1. e4 c5 2. c3 Nf6 3. e5 Nd5 4. Bc4 e6 5. Nf3 b6 6. Bxd5 exd5 7. O-O Be7 8. Re1 O-O 9. d4 Bb7 10. Bf4 d6 11. Nbd2 Nc6 12. Qa4 a6 13. Qb3 cxd4 14. exd6 Bxd6 15. Bxd6 Qxd6 16. cxd4 Na5 17. Qe3 Bc8 18. Rac1 Be6 19. h3 Nc4 20. Qd3 Nxb2 21. Qb1 Nc4 22. Nxc4 dxc4 23. Ng5 g6 24. Nxe6 fxe6 25. Rxc4 b5 26. Rc2 Qxd4 27. Qb3 Qd5 28. Rxe6 Qxb3 29. axb3 Rfe8 30. Rb6 Reb8 31. Rcc6 Rxb6 32. Rxb6 Ra7 33. f4 Kf7 34. Kf2 Ke7 35. Ke3 Kd7 36. Kd4 Kc7 37. Kc5 Ra8 38. Rf6 a5 39. Rf7+ Kb8 40. Rf8+ Ka7 41. Rxa8+ Kxa8 42. Kxb5 1-0


[Site "https://www.chess.com"]

[Event "Titled Tuesday Blitz August 17 2021"]
[White "Khodzhamkuliev, Bahadur"]
[Black "Costachi, Mihnea"]
[WhiteFideId "24135046"]
[BlackFideId "1217518"]
[WhiteElo "2130"]
[BlackElo "2482"]
[Result "1-0"]
[Round "03"]
[TimeControl "180+1"]
[Date "2021.08.17"]
[WhiteClock "0:01:14"]
[BlackClock "0:01:58"]

1. Nf3 c5 2. c3 d5 3. d4 cxd4 4. cxd4 Nc6 5. Nc3 Nf6 6. Bf4 Bf5 7. e3 e6 8. Bb5 Bd6 9. Bxc6+ bxc6 10. Ne5 Bxe5 11. Bxe5 Nd7 12. Bd6 Qb6 13. O-O Qxb2 14. Rc1 f6 15. f3 Kf7 16. e4 Bg6 17. Na4 Qb5 18. Nc5 Nxc5 19. Rxc5 Qa6 20. e5 fxe5 21. Bxe5 Rhe8 22. Qc1 Rac8 23. h4 h6 24. Qf4+ Kg8 25. Qg4 Qd3 26. h5 Kh7 27. Qxg6+ Qxg6 28. hxg6+ Kxg6 29. Rfc1 Re7 30. Rxc6 Rxc6 31. Rxc6 Rb7 32. Rc7 Rb2 33. Rxg7+ Kh5 34. Rxa7 Kh4 35. Kh2 Kh5 36. Rg7 Kh4 37. Bf6+ Kh5 38. Kh3 Rxg2 39. Rxg2 e5 40. dxe5 d4 41. e6 d3 42. e7 d2 43. e8=Q# 1-0


[Site "https://www.chess.com"]

[Event "Titled Tuesday Blitz August 17 2021"]
[White "Koellner, Ruben Gideon"]
[Black "Tristan, Leonardo"]
[WhiteFideId "12993093"]
[BlackFideId "113816"]
[WhiteElo "2503"]
[BlackElo "2404"]
[Result "0-1"]
[Round "03"]
[TimeControl "180+1"]
[Date "2021.08.17"]
[WhiteClock "0:00:01"]
[BlackClock "0:00:08"]

1. d4 d5 2. Bf4 Nf6 3. e3 e6 4. Nd2 Bd6 5. Bg3 O-O 6. Bd3 c5 7. c3 Qc7 8. Bxd6 Qxd6 9. f4 cxd4 10. cxd4 Nc6 11. a3 Ne7 12. Ngf3 Ng4 13. Qe2 Nf5 14. Bxf5 exf5 15. h3 Nf6 16. O-O Bd7 17. Rac1 Rfc8 18. Ne5 Be8 19. Qd3 Ne4 20. Nxe4 fxe4 21. Qb3 h5 22. Rxc8 Rxc8 23. Qxb7 Rb8 24. Qxa7 f6 25. b4 fxe5 26. fxe5 Qb6 27. Qe7 Bg6 28. Rc1 Re8 29. Qd7 Qe6 30. Qb7 Rf8 31. Rc7 Bf7 32. a4 Qh6 33. Rc3 Qg5 34. a5 Be6 35. Qb6 Bxh3 36. Rc2 Qxe3+ 37. Kh2 Bg4 38. Qc5 Qf4+ 39. Kg1 e3 40. Qc3 e2 41. Rc1 Qf1+ 42. Kh2 Rf2 43. Qe3 Qxg2# 0-1


[Site "https://www.chess.com"]

[Event "Titled Tuesday Blitz August 17 2021"]
[White "Kollars, Dmitrij"]
[Black "Avramidou, Anastasia"]
[WhiteFideId "12909572"]
[BlackFideId "4239873"]
[WhiteElo "2576"]
[BlackElo "2183"]
[Result "1-0"]
[Round "03"]
[TimeControl "180+1"]
[Date "2021.08.17"]
[WhiteClock "0:01:03"]
[BlackClock "0:00:05"]

1. c4 e6 2. Nf3 d5 3. g3 Nf6 4. Bg2 a6 5. b3 d4 6. e3 c5 7. O-O Nc6 8. exd4 cxd4 9. d3 Be7 10. Ba3 O-O 11. Re1 Re8 12. Bxe7 Qxe7 13. Nbd2 h6 14. a3 a5 15. Ne5 Nxe5 16. Rxe5 Qc7 17. Re1 e5 18. b4 axb4 19. axb4 Rxa1 20. Qxa1 Nd7 21. c5 b6 22. c6 Nf8 23. b5 Ne6 24. Qa3 Nc5 25. Ne4 Nxe4 26. Bxe4 Be6 27. Ra1 f5 28. Bg2 Re7 29. Qa8+ Kh7 30. Qb7 Qd8 31. Ra8 Qd6 32. Qxb6 e4 33. Rd8 Qb4 34. Qxd4 Qe1+ 35. Bf1 Bb3 36. dxe4 Rxe4 37. Qd2 Qb1 38. c7 Re1 39. Qxe1 1-0


[Site "https://www.chess.com"]

[Event "Titled Tuesday Blitz August 17 2021"]
[White "Korchmar, Vasiliy"]
[Black "Yoo, Christopher Woojin"]
[WhiteFideId "24131750"]
[BlackFideId "30909694"]
[WhiteElo "2370"]
[BlackElo "2105"]
[Result "0-1"]
[Round "03"]
[TimeControl "180+1"]
[Date "2021.08.17"]
[WhiteClock "0:00:01"]
[BlackClock "0:00:49"]

1. e4 c5 2. Nf3 e6 3. d4 cxd4 4. Nxd4 Nf6 5. Nc3 Qb6 6. Nb3 Bb4 7. Bd3 Bxc3+ 8. bxc3 d6 9. O-O e5 10. Kh1 O-O 11. f4 Nbd7 12. f5 Qc6 13. c4 b6 14. Qe2 Bb7 15. Re1 Rac8 16. a4 Ba6 17. Nd2 Nc5 18. a5 Nxd3 19. cxd3 b5 20. Ba3 bxc4 21. dxc4 Rfd8 22. Rec1 Bb7 23. Re1 Qa6 24. h3 Qxa5 25. Bxd6 Qc3 26. Ra3 Qc2 27. Bb4 Rd4 28. Nf3 Qxe2 29. Rxe2 Rdxc4 30. Be1 a6 31. Nxe5 Rxe4 32. Rxe4 Nxe4 33. Kg1 f6 34. Nd3 Rc2 0-1


[Site "https://www.chess.com"]